 Dungeon Crawl Stone Soup version 0.31.0-11-ge490571c62 (webtiles) character file.

Game seed: 4892702138548796931

266 cdecastro the Firebug (level 6, -1/32 HPs)
             Began as a Deep Elf Fire Elementalist on Jan 30, 2024.
             Was an Initiate of Hepliaklqana.
             Slain by an orc wizard
             ... wielding a +0 dagger
              (3 damage)
             ... on level 6 of the Dungeon.
             The game lasted 00:06:11 (2866 turns).

cdecastro the Firebug (Deep Elf Fire Elementalist)  Turns: 2866, Time: 00:06:11

Health: -1/32      AC:  3    Str:  5    XL:     6   Next: 0%
Magic:  12/21      EV: 12    Int: 22    God:    Hepliaklqana [......]
Gold:   29         SH:  0    Dex: 15    Spells: 2/11 levels left

rFire   + . .        a - +0 arbalest
rCold   . . .        (shield currently unavailable)
rNeg    . . .        o - +0 robe
rPois   .            (no helmet)
rElec   .            (no cloak)
rCorr   .            f - +0 pair of gloves
SInv    .            (no boots)
Will    .....        (no amulet)
Stlth   ++           s - ring of protection from fire
HPRegen 0.25/turn    u - ring of magical power
MPRegen 0.17/turn

%: no passive effects
@: no status effects
A: no striking features
a: Renounce Religion


You were on level 6 of the Dungeon.
You worshipped Hepliaklqana.
Hepliaklqana was noncommittal.
You visited 1 branch of the dungeon, and saw 5 of its levels.

You collected 211 gold pieces.
You spent 182 gold pieces at shops.

Inventory:

Hand Weapons
 a - a +0 arbalest (weapon)
 b - a +0 dagger
Armour
 f - a +0 pair of gloves (worn)
 o - a +0 robe (worn)
Jewellery
 s - a ring of protection from fire (left hand)
 u - a ring of magical power (right hand)
 v - a ring of positive energy
Talismans
 g - a beast talisman
Wands
 p - a wand of paralysis (19)
Scrolls
 h - 4 scrolls of identify {unknown}
 k - a scroll of teleportation {unknown}
 l - 2 scrolls of amnesia {unknown}
 n - a scroll of poison {unknown}
Potions
 c - 3 potions of brilliance {unknown}
 d - a potion of haste {unknown}
 e - a potion of magic
 i - 3 potions of curing
 j - 3 potions of heal wounds
 m - 2 potions of attraction {unknown}
 q - a potion of lignification
 r - a potion of berserk rage
 t - a potion of degeneration {unknown}


   Skills:
 - Level 2.4 Dodging
 - Level 2.4 Stealth
 - Level 3.0 Spellcasting
 - Level 1.1 Conjurations
 + Level 7.4 Fire Magic


You had 2 spell levels left.
You knew the following spells:

 Your Spells              Type           Power      Damage    Failure   Level
a - Foxfire               Conj/Fire      88%        2x1d8     2%          1
b - Scorch                Fire           72%        2d8       1%          2
c - Inner Flame           Hex/Fire       19%        N/A       9%          3
d - Volatile Blastmotes   Fire/Tloc      38%        2d13      9%          3

Your spell library contained the following spells:

 Spells                   Type           Power      Damage    Failure   Level
 Flame Wave               Conj/Fire      22%        2d8       22%         4
 Summon Cactus Giant      Summ           1%         N/A       100%        6


Dungeon Overview and Level Annotations

Branches:
Dungeon (4/15)
 Temple: D:4-7

Altars:
Hepliaklqana
Nemelex Xobeh
Ru
Xom

Shops:
D:3 :=![*

Annotations:
D:4 1 runed translucent door, Crazy Yiuf


Message History

Casting: Foxfire (safe; 2% risk of failure)
Confirm with . or Enter, or press ? or * to list all spells.
You conjure some foxfire!
The ufetubus closely misses you. The ufetubus barely misses you.
The ufetubus hits you. x2
* * * LOW HITPOINT WARNING * * *
The orc wizard gestures wildly while chanting.
The orc wizard flickers and vanishes!
Casting: Foxfire (safe; 2% risk of failure)
Confirm with . or Enter, or press ? or * to list all spells.
You conjure some foxfire!
The foxfire hits something!
The foxfire hits something but does no damage.
The ufetubus misses you. The ufetubus hits you.
* * * LOW HITPOINT WARNING * * *
Unknown command.
Casting: Foxfire (safe; 2% risk of failure)
Confirm with . or Enter, or press ? or * to list all spells.
You conjure some foxfire!
The foxfire hits something!
Reactivating autopickup.
You feel a bit more experienced. The ufetubus barely misses you. x2
The ufetubus closely misses you. The ufetubus hits you.
* * * LOW HITPOINT WARNING * * *
You have reached level 6!
Casting: Foxfire (safe; 2% risk of failure)
Confirm with . or Enter, or press ? or * to list all spells.
You conjure some foxfire!
The foxfire hits something!
The ufetubus hits you.
* * * LOW HITPOINT WARNING * * *
The ufetubus hits you but does no damage.
Something hits you but does no damage.
Deactivating autopickup; reactivate with Ctrl-A.
Casting: Foxfire (safe; 2% risk of failure)
Confirm with . or Enter, or press ? or * to list all spells.
You conjure some foxfire!
The foxfire hits something.
The ufetubus hits you.
* * * LOW HITPOINT WARNING * * *
The ufetubus barely misses you.
The gnoll hits you from afar with a +0 spear.
* * * LOW HITPOINT WARNING * * *
The ufetubus completely misses you. The ufetubus hits you.
* * * LOW HITPOINT WARNING * * *
Something hits you.
You die...

#..# ..#
########.### #
...........##.#
#..........#
#.##..#.####..#
#.....#.# ..#
#..v.{#.####..#
#..#@5go...#..#
#..####.##.#..#
.... ...##.#..#
##.#########.#..#
.......o...g...#
#............##.#
..........# #
..o.......#
...............


You could see a gnoll, an ufetubus and an orc.

Vanquished Creatures
  Menkaure (D:4)
  An orc wizard (D:6)
  4 adders
  An ufetubus (D:6)
  7 dart slugs
  4 ribbon worms
  3 endoplasms
  4 giant cockroaches
  5 hobgoblins
  A kobold (D:1)
  A quokka (D:1)
  5 ball pythons
  8 bats
  5 frilled lizards
  8 goblins
  7 rats
65 creatures vanquished.

Vanquished Creatures (others)
  210 foxfires
210 creatures vanquished.

Grand Total: 275 creatures vanquished

Notes
Turn   | Place    | Note
-------+----------+-------------------------------------------
     0 | D:1      | cdecastro the Deep Elf Fire Elementalist began the quest
                  | for the Orb.
     0 | D:1      | Reached XP level 1. HP: 10/10 MP: 6/6
   201 | D:1      | Reached XP level 2. HP: 15/15 MP: 6/8
   230 | D:1      | Reached skill level 4 in Fire Magic
   807 | D:1      | Reached XP level 3. HP: 19/19 MP: 6/9
  1300 | D:2      | Reached skill level 5 in Fire Magic
  1576 | D:2      | Reached XP level 4. HP: 24/24 MP: 4/10
  1960 | D:3      | Found Oskoewez's Distillery.
  1964 | D:3      | Bought a potion of heal wounds for 50 gold pieces
  1964 | D:3      | Bought a potion of lignification for 30 gold pieces
  1964 | D:3      | Bought a potion of curing for 30 gold pieces
  1964 | D:3      | Bought a potion of berserk rage for 50 gold pieces
  2019 | D:3      | Found Neluq's Armour Shop.
  2038 | D:3      | Found Cikked's Jewellery Shoppe.
  2239 | D:3      | Found a sparkling altar of Nemelex Xobeh.
  2259 | D:3      | Found Sempogg's Book Emporium.
  2316 | D:3      | Reached skill level 6 in Fire Magic
  2426 | D:3      | Found Kimmef's Assorted Antiques.
  2433 | D:3      | Bought a smoky golden potion for 22 gold pieces
  2436 | D:3      | Learned a level 2 spell: Scorch
  2440 | D:3      | Learned a level 3 spell: Inner Flame
  2444 | D:3      | Learned a level 3 spell: Volatile Blastmotes
  2638 | D:4      | Found a hazy altar of Hepliaklqana.
  2639 | D:4      | Found a shimmering altar of Xom.
  2639 | D:4      | Noticed a will-o-the-wisp
  2640 | D:4      | Noticed a spectral ugly thing
  2640 | D:4      | Noticed a will-o-the-wisp
  2643 | D:4      | Became a worshipper of Hepliaklqana the Forgotten
  2679 | D:4      | Noticed Menkaure
  2682 | D:4      | Killed Menkaure
  2683 | D:4      | Reached skill level 7 in Fire Magic
  2683 | D:4      | Reached XP level 5. HP: 18/28 MP: 11/11
  2727 | D:4      | Found a runed translucent door.
  2728 | D:4      | Noticed Crazy Yiuf
  2793 | D:4      | Found a sacrificial altar of Ru.
  2823 | D:4      | You fall into a shaft and drop 2 floors!
  2865 | D:6      | Reached XP level 6. HP: 11/32 MP: 12/12
  2866 | D:6      | Slain by an orc wizard

Illustrated notes

Levels and vault maps discovered:
D:1:      shiori_arrival_oz, layout_basic
D:2:      layout_loops_ring
D:3:      layout_rooms, nemelex_spade_bored_becter, serial_shops,
          nicolae_shop_gaudy_bauble, nicolae_shop_pleasant_corner_grove,
          nicolae_shop_pleasant_corner_grove, shop, shop
D:4:      layout_loops_corners, regret_index_temple_of_mockery,
          nicolae_ru_awakened_eye, overflow_temple_1_default,
          lightli_temple_of_fire, enter_ossuary_5, uniq_menkaure,
          uniq_crazy_yiuf_cottage
D:6:      layout_basic, dreamdust_divine_triumvirate, grunt_gozag_breadcrumbs,
          lemuel_crystal_altar, fiery_altar_vehumet, minmay_ruined_shrine,
          uniq_grinder

Skill      XL: |  1  2  3  4 |
---------------+-------------+-----
Fire Magic     | 4 5 7 |  7.4
Dodging        | |  2.4
Stealth        | |  2.4
Spellcasting   | |  3.0
Conjurations   | |  1.1

Action                     |  1- 3 |  4- 6 || total
---------------------------+-------+-------++-------
  Melee: Dagger            |     1 |       ||     1
   Fire: Arbalest          |     4 |    19 ||    23
   Cast: Foxfire           |    78 |    43 ||   121
         Scorch            |       |     3 ||     3
   Stab: Sleeping          |     1 |       ||     1
 Armour: Robe              |     4 |    21 ||    25
  Dodge: Dodged            |     4 |    26 ||    30
